 Dungeon Crawl Stone Soup version 0.20-a0-1109-ge3cd172 (webtiles) character file.

3509935 mopl the Hand of Shadow (level 27, 179/179 HPs)
             Began as a Gargoyle Enchanter on May 3, 2017.
             Was a High Priest of Dithmenos.
             Escaped with the Orb
             ... and 6 runes on May 5, 2017!
             The game lasted 06:05:11 (92901 turns).

mopl the Hand of Shadow (Gargoyle Enchanter)       Turns: 92901, Time: 06:05:12

Health: 179/179    AC: 52    Str: 17      XL:     27
Magic:  48/48      EV: 25    Int: 19 (20) God:    Dithmenos [*****.]
Gold:   9865       SH: 21    Dex: 22      Spells: 0/50 levels left

rFire    + . .     SeeInvis +   a - +4 rapier (elec)
rCold    + + .     Gourm    .   i - +1 large shield {AC+3}
rNeg     + + +     Faith    +   W - +8 pearl dragon scales
rPois    ∞         Spirit   +   C - -2 hat of the Alchemist {rElec rPois rF+ rC+ rN+ MR+ rMut rCorr}
rElec    +         Reflect  .   c - scarf {Spirit}
rCorr    +         Harm     .   s - +3 pair of gauntlets of War {Slay+5}
rMut     +                      l - +2 pair of boots {run}
MR       ++++.                  g - amulet of faith {!P}
Stlth    +++++.....             Y - ring "Omul" {+Inv MR+ MP+9 SInv Stlth+}
Regen    0.4/turn               U - +5 ring of slaying {=R}
MPRegen  0.4/turn

@: mighty, agile, flying, wreathed by umbra, quick
A: big wings, thin metallic scales 1, clumsy 1, cold resistance 1, negative
energy resistance 1, electricity resistance, unbreathing, petrification
resistance, rot immunity, AC +20
0: Orb of Zot
}: 6/15 runes: serpentine, barnacled, slimy, silver, abyssal, demonic
a: Stop Flying, Shadow Step, Shadow Form, Renounce Religion, Evoke Invisibility


You escaped.
You worshipped Dithmenos.
Dithmenos was extremely pleased with you.
You were full.

You visited 12 branches of the dungeon, and saw 58 of its levels.
You visited Pandemonium 3 times, and saw 12 of its levels.
You visited the Abyss 4 times.
You visited 1 bazaar.
You also visited: Labyrinth, Ice Cave and Volcano.

You collected 12326 gold pieces.
You spent 2461 gold pieces at shops.

Inventory:

Hand Weapons
 a - a +4 rapier of electrocution (weapon)
 b - a +9 blowgun
 Z - a +9 quick blade of piercing
Missiles
 f - a needle of paralysis
 k - 30 poisoned javelins
 u - 24 javelins of penetration
 G - 7 throwing nets
 I - 7 needles of sleeping
 L - 20 silver javelins (quivered)
 M - 2 needles of confusion
 V - 27 curare-tipped needles
Armour
 c - a scarf of spirit shield (worn)
 i - a +1 large shield of protection (worn)
 l - a +2 pair of boots of running (worn)
 s - the +3 pair of gauntlets of War (worn) {Slay+5}
   (You found it on level 4 of the Dungeon)

   It affects your accuracy and damage with ranged weapons and melee attacks
   (+5).
 C - the -2 hat of the Alchemist (worn) {rElec rPois rF+ rC+ rN+ MR+ rMut rCorr}
   (You found it on level 3 of the Elven Halls)

   It protects you from fire.
   It protects you from cold.
   It insulates you from electricity.
   It protects you from poison.
   It protects you from negative energy.
   It affects your resistance to hostile enchantments.
   It protects you from acid and corrosion.
   It protects you from mutation.
 P - the +2 faerie dragon scales {+Inv rCorr MP+1 Int+2}
   (You took it off the Enchantress on level 4 of the Depths)

   It affects your intelligence (+2).
   It affects your magic capacity (+1).
   It lets you turn invisible.
   It protects you from acid and corrosion.
 W - +8 pearl dragon scales (worn)
Jewellery
 g - an amulet of faith (around neck) {!P}
 j - a +3 ring of slaying
 K - the brooch of Shielding {Reflect SH+8}
   (You took it off a yaktaur captain on level 5 of the Vaults)

   [amulet of reflection]

   It shields you and reflects attacks.
   It affects your SH (+8).
 S - the ring of Heun {rF+ AC+3}
   (You took it off a tengu reaver on level 5 of the Depths)

   [ring of protection]

   It affects your AC (+3).
   It protects you from fire.
 U - a +5 ring of slaying (right hand) {=R}
 Y - the ring "Omul" (left hand) {+Inv MR+ MP+9 SInv Stlth+}
   (You found it on level 2 of the Abyss)

   [ring of see invisible]

   It affects your resistance to hostile enchantments.
   It affects your magic capacity (+9).
   It lets you see invisible.
   It lets you turn invisible.
   It makes you more stealthy.
Wands
 h - a wand of acid (14/15)
 N - a wand of digging (19/24)
 Q - a wand of scattershot (9/9)
Scrolls
 o - 10 scrolls of magic mapping
 p - 16 scrolls of fog
 q - 15 scrolls of teleportation
 v - 10 scrolls of fear
 w - 3 scrolls of summoning
 A - 4 scrolls of holy word
 F - 3 scrolls of vulnerability
 H - 5 scrolls of blinking
 J - 5 scrolls of silence {!r}
 O - 22 scrolls of remove curse
Potions
 e - 14 potions of haste
 m - 14 potions of brilliance
 n - 4 potions of ambrosia
 r - 6 potions of agility
 z - 3 potions of might
 B - 7 potions of cancellation
 E - 35 potions of curing
 T - 12 potions of heal wounds
 X - 3 potions of resistance
Miscellaneous
 t - 3 boxes of beasts
 x - 2 phantom mirrors
 y - a phial of floods
 D - a fan of gales (inert)
 R - 7 sacks of spiders
Comestibles
 d - 24 bread rations


   Skills:
 - Level 20.0 Fighting
 - Level 14.0 Short Blades
 + Level 19.0 Throwing
 + Level 7.3 Armour
 - Level 17.0 Dodging
 - Level 22.0 Stealth
 + Level 15.4 Shields
 - Level 12.2 Spellcasting
 - Level 4.0 Conjurations
 - Level 14.0 Hexes
 - Level 5.0 Charms
 - Level 4.0 Necromancy
 + Level 5.4 Translocations
 - Level 6.1 Transmutations
 - Level 4.0 Ice Magic
 - Level 4.0 Air Magic
 - Level 10.0 Earth Magic
 - Level 22.3 Invocations
 - Level 11.2 Evocations


You couldn't memorise any spells.
You knew the following spells:

 Your Spells              Type           Power        Failure   Level  Hunger
a - Spectral Weapon       Hex/Chrm       #####...     4%          3    None
b - Ensorcelled Hibernat  Hex/Ice        #####.       2%          2    None
c - Confuse               Hex            ######..     1%          3    None
d - Tukima's Dance        Hex            ######..     1%          3    None
e - Blink                 Tloc           N/A          12%         2    None
f - Apportation           Tloc           ####..       8%          1    None
g - Dazzling Spray        Conj/Hex       #####.       5%          3    None
i - Invisibility          Hex            ######..     34%         6    ######.
k - Lee's Rapid Deconstr  Erth           #####.....   32%         5    ####...
l - Silence               Hex/Air        #####.....   45%         5    ####...
p - Passwall              Tmut/Erth      #####.....   4%          2    None
r - Regeneration          Chrm/Necr      ####......   34%         3    None
y - Yara's Violent Unrav  Hex/Tmut       #####.....   32%         5    ####...
C - Corpse Rot            Necr           N/A          22%         2    None
D - Dispel Undead         Necr           ####....     98%         5    ####...


Dungeon Overview and Level Annotations

Branches:
Dungeon (15/15)            Temple (1/1) D:6            Lair (6/6) D:8
 Shoals (4/4) Lair:2        Snake (4/4) Lair:3        Slime (5/5) Lair:6
    Orc (2/2) D:12            Elf (3/3) Orc:2        Vaults (5/5) D:14
  Crypt (3/3) Vaults:3       Tomb (0/3) Crypt:3      Depths (5/5) D:15
    Zot (5/5) Depths:5

Altars:
Ashenzari
Cheibriados
Dithmenos
Elyvilon
Fedhas
Gozag
Hepliaklqana
Kikubaaqudgha
Makhleb
Nemelex Xobeh
Okawaru
Qazlal
Ru
Sif Muna
Trog
Uskayaw
Vehumet
Wu Jian
Xom
Yredelemnul
Zin
The Shining One
Jiyva

Shops:
D:9 =   D:11 }*   D:14 [   Orc:2 *:([   Elf:1 (   Shoals:1 *   Vaults:2 %

Portals:
Hell: Depths:1 Depths:2 Depths:3 Depths:4 Depths:5
Abyss: Depths:2 Depths:4
Pandemonium: Depths:1 Depths:3
Ziggurat: Depths:3

Annotations:
Crypt:1 35 runed doors
Depths:2 sniper + plutonium


Innate Abilities, Weirdness & Mutations

You are resistant to torment.
Your stone body is resilient. (AC +20)
You are immune to poison.
Your large and strong wings let you fly indefinitely.
You resist negative energy. (rN+)
You are resistant to electric shocks. (rElec)
You can survive without breathing.
You are immune to petrification.
You are immune to rotting.
You are partially covered in thin metallic scales. (AC +2)
You are clumsy. (Dex -2)
Your flesh is cold resistant. (rC+)


Message History

Aiming: Dig
Press: ? - help, Shift-Dir - straight line The rock shatters into small pieces.
This wand has 20 charges left.
Evoke which item? (* to show all) (? for menu, Esc to quit)
Aiming: Dig
Press: ? - help, Shift-Dir - straight line The rock shatters into small pieces.
This wand has 19 charges left.
Wear which item (? for menu, Esc to quit)
You start removing your armour.
You continue taking off the +2 faerie dragon scales {+Inv rCorr MP+1 Int+2}. x4
You finish taking off the +2 faerie dragon scales {+Inv rCorr MP+1 Int+2}.
You start putting on your armour.
You continue putting on your +8 pearl dragon scales. x5
You finish putting on your +8 pearl dragon scales.
Drop what? 52/52 slots (_ for help) (? for menu, Esc to quit)
Okay, then.
You feel very mighty all of a sudden.
You feel agile all of a sudden.
There is a staircase leading out of the dungeon here.
You have escaped!

........######...........#
...†)........'..>........#
....#.########...........#
....#.# ####..#######
....#.# #..# .#.##.# ####
......# ### ##.#### ##.#
### #.# #.####@# #.#
#####.##.## #.#
#.####.##.## #.#
##.##.####.# #.#
##.##.####.## #.#
#.##.####.## #.#
##.##.##.## ##.###
##.##)##.## .....#
##.##.##.##


There were no monsters in sight!

Vanquished Creatures
  the Royal Jelly (Slime:5)
  A seraph (Pan)
  The ghost of AnCiEnTStOnEBeAsT the Executioner, a legendary DsFi of Ru (Slime:4)
  A juggernaut (Depths:5)
  Sojobo (Depths:5)
  Boris (twice) (Vaults:2 Vaults:5)
  Margery (Depths:4)
  Frederick (Depths:4)
  Bai Suzhen (Depths:3)
  Saint Roka (Depths:5)
  Xtahua (Vaults:2)
  A caustic shrike (Depths:2)
  2 curse toes
  9 golden dragons
  Jory (Crypt:3)
  2 pearl dragons (Pan)
  the Enchantress (Depths:4)
  A bone dragon (Crypt:3)
  2 Brimstone Fiends (Pan)
  A profane servitor (Crypt:3)
  An electric golem (Zot:1)
  7 liches
  Jorgrun (Vaults:5)
  Rupert (D:13)
  17 tentacled monstrosities
  2 Ice Fiends (Pan)
  8 Orb Guardians
  4 titans (Vaults:5)
  The ghost of Malvoorn the Executioner, an adept HOBe of Trog (Snake:4)
  2 deep elf master archers (Elf:3)
  28 acid blobs
  3 quicksilver dragons
  A sphinx (shapeshifter) (Vaults:5)
  9 death cobs
  4 Executioners
  4 ancient champions
  4 sphinxes
  Frances (D:13)
  4 tentacled starspawn
  11 tengu reavers
  2 thorn hunters
  Kirke (Snake:2)
  3 revenants
  Donald (Snake:4)
  12 shadow dragons
  Ilsuiw (Shoals:4)
  16 azure jellies
  8 storm dragons
  Roxanne (D:14)
  14 daevas (Pan)
  5 fire giants
  9 nagarajas (Snake:4)
  12 draconian monks
  5 draconian scorchers
  15 frost giants
  2 iron dragons
  7 draconian shifters
  Aizul (Snake:4)
  6 ghost moths
  16 vault wardens
  A curse skull (Crypt:2)
  Louise (Snake:4)
  5 balrugs (Pan)
  An orc warlord (Orc:1)
  11 deep elf sorcerers
  6 draconian stormcallers
  18 angels
  6 deep elf elementalists
  2 cacodemons (Pan)
  7 reapers
  14 ironheart preservers
  10 draconian knights
  4 draconian annihilators
  A ghoul (Crypt:3)
  9 spriggan defenders
  2 blood saints (Pan)
  3 war gargoyles
  10 very ugly things
  2 entropy weavers (Vaults:4)
  13 ophanim (Pan)
  13 vampire knights
  11 green draconians
  15 stone giants
  8 deep elf demonologists
  24 apis (Pan)
  A corrupter (Pan)
  3 lorocyprocas (Pan)
  12 black draconians
  9 deep elf annihilators
  10 purple draconians
  13 white draconians
  24 yellow draconians
  16 red draconians
  2 spark wasps
  16 ettins
  A crystal guardian (Vaults:4)
  8 deep elf death magi
  3 eidola
  5 merfolk javelineers (Shoals:4)
  A fire dragon (shapeshifter) (Depths:4)
  2 blizzard demons (Pan)
  A quicksilver dragon zombie (Crypt:1)
  9 merfolk impalers
  11 death oozes
  Fannar (Lair:3)
  A minotaur (Lab)
  2 green deaths (Pan)
  6 fire dragons
  23 jiangshi
  A hell beast (Pan)
  11 deep elf high priests
  Josephine (D:13)
  12 rakshasas
  A spectral shadow dragon (Crypt:3)
  22 yaktaur captains
  9 naga warriors
  A monstrous demonspawn (Pan)
  6 alligator snapping turtles
  8 hydras
  32 vault guards
  12 ice dragons
  21 great orbs of eyes
  A catoblepas (D:14)
  12 centaur warriors
  14 anacondas
  8 spriggan air magi
  3 merfolk avatars
  37 dancing weapons
  2 satyrs
  9 merfolk aquamancers
  6 death knights
  14 ogre magi
  50 two-headed ogres
  5 tengu warriors
  9 deep troll shamans
  A death yak (shapeshifter) (Depths:5)
  6 orc high priests
  7 vampire magi
  9 shock serpents
  4 spriggan berserkers
  Urug (Lair:5)
  5 death yaks
  11 large abominations
  8 thrashing horrors
  3 soul eaters
  Sonja (Lair:2)
  10 naga sharpshooters
  6 deep troll earth magi
  2 shock serpents (shapeshifter)
  11 hell knights
  18 deep elf knights
  9 sun demons
  5 iron trolls
  2 salamander mystics
  7 sixfirhies
  5 shadow wraiths
  7 wretched stars
  16 cherubim (Pan)
  Nergalle (D:10)
  25 skeletal warriors
  A spatial maelstrom (Abyss:1)
  2 torturous demonspawn (Pan)
  A golden dragon zombie (Vaults:4)
  3 unseen horrors
  4 gelid demonspawn
  6 glowing orange brains
  16 sea snakes
  9 flayed ghosts
  3 infernal demonspawn (Pan)
  7 starcursed masses
  25 deep trolls
  A spectral wolf spider (Crypt:3)
  30 deep elf archers
  3 wizards
  Pikel (D:8)
  8 naga ritualists
  2 lindwurms (Volcano)
  20 ironbrand convokers
  A tengu skeleton (Vaults:4)
  13 necromancers
  12 harpies
  2 harpies (shapeshifter)
  15 orc knights
  7 orc sorcerers
  10 phantasmal warriors
  A frost giant zombie (Crypt:2)
  A sphinx skeleton (Vaults:4)
  A wolf spider (Vaults:5)
  11 mana vipers
  8 oklob plants
  68 deep elf magi
  12 cyclopes
  2 fauns
  16 manticores
  12 salamanders
  71 ugly things
  2 salamanders (shapeshifter)
  4 shining eyes
  4 elephants (Lair:4)
  7 merfolk sirens
  17 moths of wrath
  Maurice (D:10)
  A toenail golem (Pan)
  18 vault sentinels
  A frost giant skeleton (Crypt:2)
  2 worldbinders
  17 naga magi
  16 guardian serpents
  2 rust devils
  3 molten gargoyles (Volcano)
  Psyche (D:8)
  A stone giant skeleton (Crypt:3)
  2 eyes of devastation
  An eye of devastation (shapeshifter) (Depths:2)
  8 smoke demons
  3 water nymphs (Shoals:4)
  35 black mambas
  4 gargoyles
  A guardian serpent (shapeshifter) (Depths:4)
  7 orange demons (Pan)
  3 spiny frogs (shapeshifter)
  2 hellions (Pan)
  4 rime drakes
  An apocalypse crab (Abyss:5)
  30 spiny frogs
  A rime drake (shapeshifter) (Depths:4)
  A purple draconian zombie (Crypt:2)
  A shock serpent skeleton (Crypt:1)
  A kobold demonologist (D:15)
  13 komodo dragons
  A yaktaur zombie (Vaults:4)
  A demonic crawler (Pan)
  A komodo dragon (shapeshifter) (Abyss:1)
  2 yaktaurs (shapeshifter)
  6 freezing wraiths
  6 hellwings
  40 yaktaurs
  10 tengu conjurers
  A catoblepas skeleton (Crypt:2)
  A queen bee (Lair:4)
  A death yak skeleton (Crypt:2)
  7 ancient zymes
  19 merfolk
  13 red devils
  A yaktaur skeleton (Vaults:4)
  11 trolls
  4 tyrant leeches (Lair:6)
  5 ice devils
  A merfolk (shapeshifter) (Vaults:5)
  Prince Ribbit (D:6)
  2 human skeletons (Vaults:4)
  6 wind drakes
  3 meliai
  2 wolf spider simulacra
  10 hippogriffs
  An ice dragon zombie (Crypt:1)
  2 meliai (shapeshifter)
  9 hornets
  A wind drake (shapeshifter) (Depths:4)
  7 snapping turtles
  35 blink frogs
  A hornet (shapeshifter) (D:15)
  2 tengu simulacra
  71 slime creatures
  A meliai zombie (Crypt:2)
  7 dream sheep
  5 raiju
  7 small abominations
  A hippogriff (shapeshifter) (Depths:3)
  9 spriggans
  3 shadows
  A fire giant simulacrum (Vaults:2)
  A redback (Vaults:4)
  19 wraiths
  8 ynoxinuls
  9 air elementals
  A spriggan (shapeshifter) (Depths:4)
  50 flying skulls (Crypt:3)
  A tarantella (Vaults:4)
  6 wyverns
  42 yaks
  A basilisk (shapeshifter) (D:15)
  3 fire elementals
  25 water elementals
  A tarantella (shapeshifter) (Vaults:1)
  3 fire bats (Orc:1)
  A steam dragon (D:13)
  2 golden eyes (shapeshifter)
  A hog (Snake:2)
  5 basilisks
  A human simulacrum (Vaults:2)
  2 hungry ghosts
  12 neqoxecs
  8 vampire mosquitoes
  5 chaos spawn
  A warg (shapeshifter) (Depths:4)
  7 wargs
  44 nagas
  A soldier ant (shapeshifter) (Depths:5)
  7 porcupines
  14 water moccasins
  2 acid dragons
  A water moccasin (shapeshifter) (Vaults:1)
  11 ice beasts
  Duvessa (D:7)
  Purgy (D:3)
  An elephant zombie (Crypt:1)
  48 orc warriors
  3 sky beasts
  A slave (D:7)
  A hornet zombie (Crypt:1)
  4 eyes of draining
  An ice beast (shapeshifter) (Vaults:4)
  3 black bears
  7 necrophages
  3 phantoms
  6 boggarts
  An ogre (shapeshifter) (D:15)
  16 wolves
  18 centaurs
  A tengu (shapeshifter) (Vaults:5)
  37 ogres
  17 crocodiles
  The ghost of Paps the Covered, an amateur GrFi (D:3)
  8 big kobolds
  A gnoll sergeant (D:9)
  41 bullfrogs
  Blork the orc (D:5)
  Dowan (D:7)
  A water moccasin zombie (Crypt:1)
  3 wyvern zombies
  6 earth elementals
  A wyvern skeleton (D:12)
  A water moccasin skeleton (D:5)
  11 scorpions
  32 killer bees
  5 electric eels
  16 wights
  6 howler monkeys
  13 crimson imps
  3 centaur zombies
  4 quasits
  6 hounds
  26 orc priests
  3 centaur skeletons
  19 jellies
  A gnoll shaman (D:5)
  3 iron imps
  41 orc wizards
  Ijyb (D:5)
  6 bullfrog skeletons
  Natasha (thrice) (D:2)
  4 iguanas
  8 worker ants
  2 yak simulacra (D:10)
  2 polar bear simulacra (D:10)
  3 wolf simulacra (D:10)
  A killer bee zombie (D:7)
  2 hound zombies
  2 hound skeletons
  A howler monkey zombie (D:10)
  A worker ant zombie (D:10)
  20 adders
  9 gnolls
  A howler monkey skeleton (D:8)
  5 shadow imps
  5 white imps
  2 adder skeletons
  4 adder zombies
  A halfling zombie (Crypt:1)
  3 worms
  A worm (shapeshifter) (Vaults:5)
  2 dart slugs (D:4)
  11 leopard geckos
  An orc (shapeshifter) (Vaults:3)
  126 orcs
  A ball python (D:4)
  10 bats
  5 giant cockroaches
  9 goblins
  11 hobgoblins
  18 jackals
  40 kobolds
  5 quokkas
  6 frilled lizards
  A giant cockroach zombie (Crypt:2)
  A leopard gecko skeleton (D:5)
  A quokka zombie (D:9)
  9 rats
  4 river rat simulacra (D:10)
  A river rat zombie (Crypt:1)
  A bush (Lair:5)
  2 fungi
  2 lurking horrors
  2 plants
  3 starspawn tentacles
3162 creatures vanquished.

Vanquished Creatures (collateral kills)
  A deep elf high priest (Elf:3)
  A bullfrog (Lair:6)
2 creatures vanquished.

Vanquished Creatures (others)
  A fire giant (Vaults:4)
  A vampire knight (Crypt:3)
  A white draconian (Zot:1)
  A two-headed ogre (D:8)
  A dancing weapon (Elf:2)
  A deep troll earth mage (Depths:4)
  An alligator snapping turtle (Shoals:4)
  3 deep elf knights
  A hell knight (Depths:4)
  A deep elf archer (Elf:1)
  A necromancer (Depths:4)
  A glowing orange brain (Vaults:3)
  A deep elf mage (Elf:2)
  A black mamba (Snake:2)
  An air elemental (Depths:4)
  2 humans (Snake:2)
  A naga (Snake:4)
  3 slaves (D:8)
  An ogre (Vaults:5)
  3 jellies
  An orc priest (D:8)
  An orc wizard (Vaults:4)
  7 orcs
  A bush (Lair:6)
  A fire vortex (Volcano)
  36 fungi
  A lurking horror (Abyss:2)
  71 plants
  52 spectral weapons
  14 starspawn tentacles
212 creatures vanquished.

Grand Total: 3376 creatures vanquished

Notes
Turn   | Place    | Note
-------+----------+-------------------------------------------
     0 | D:1      | mopl the Gargoyle Enchanter began the quest for the Orb.
     0 | D:1      | Reached XP level 1. HP: 10/10 MP: 3/3
   249 | D:1      | Reached skill level 1 in Short Blades
   402 | D:1      | Reached XP level 2. HP: 10/15 MP: 3/5
   406 | D:1      | Learned a level 2 spell: Ensorcelled Hibernation
   535 | D:1      | Reached skill level 3 in Hexes
   852 | D:1      | Reached skill level 4 in Stealth
   852 | D:1      | Reached XP level 3. HP: 9/19 MP: 1/6
   909 | D:1      | Learned a level 3 spell: Confuse
  1763 | D:2      | Reached XP level 4. HP: 24/24 MP: 4/7
  1818 | D:2      | Noticed Natasha
  1821 | D:2      | Killed Natasha
  1821 | D:2      | Reached skill level 1 in Ice Magic
  2001 | D:3      | Reached skill level 2 in Short Blades
  2112 | D:3      | Reached XP level 5. HP: 28/28 MP: 8/8
  2193 | D:4      | Reached skill level 5 in Stealth
  2337 | D:3      | Noticed Purgy
  2913 | D:4      | Reached skill level 4 in Hexes
  2913 | D:4      | Reached XP level 6. HP: 32/32 MP: 9/9
  2918 | D:4      | Learned a level 3 spell: Dazzling Spray
  3221 | D:4      | Reached skill level 2 in Ice Magic
  3629 | D:4      | Reached XP level 7. HP: 24/36 MP: 10/10
  3701 | D:4      | Found a burning altar of Makhleb.
  3791 | D:4      | Reached skill level 6 in Stealth
  3791 | D:4      | Reached skill level 1 in Conjurations
  4072 | D:4      | Reached skill level 5 in Hexes
  4107 | D:5      | Entered Level 5 of the Dungeon
  4115 | D:5      | Reached skill level 3 in Short Blades
  4223 | D:4      | Reached skill level 2 in Conjurations
  4319 | D:5      | Reached XP level 8. HP: 37/41 MP: 9/12
  4337 | D:5      | Reached skill level 3 in Spellcasting
  4342 | D:5      | Learned a level 3 spell: Tukima's Dance
  4444 | D:5      | Reached skill level 7 in Stealth
  5210 | D:5      | Noticed Ijyb
  5214 | D:5      | Killed Ijyb
  5238 | D:5      | Noticed Blork the orc
  5245 | D:5      | Killed Blork the orc
  5538 | D:5      | Reached skill level 6 in Hexes
  5739 | D:5      | Reached skill level 8 in Stealth
  6069 | D:6      | Reached skill level 4 in Short Blades
  6069 | D:6      | Reached XP level 9. HP: 20/45 MP: 3/13
  6331 | D:6      | Found a staircase to the Ecumenical Temple.
  6349 | Temple   | Entered the Ecumenical Temple
  6589 | D:6      | Noticed Prince Ribbit
  7210 | D:7      | Reached skill level 9 in Stealth
  7264 | D:6      | Found a deep blue altar of Sif Muna.
  7399 | D:6      | Reached skill level 1 in Fighting
  7399 | D:6      | Reached skill level 7 in Hexes
  7569 | D:6      | Killed Prince Ribbit
  7864 | D:6      | Reached skill level 2 in Fighting
  7996 | D:3      | Noticed Paps's ghost (amateur GrFi)
  8010 | D:3      | Killed Paps's ghost
  8043 | D:3      | Found a bloodstained altar of Trog.
  8402 | D:3      | Killed Purgy
  8734 | D:2      | Noticed Natasha
  8738 | D:2      | Killed Natasha
  8758 | D:2      | Noticed Natasha
  8761 | D:2      | Killed Natasha
  8892 | D:7      | Noticed a gargoyle
  8909 | D:7      | Killed a gargoyle
  8909 | D:7      | Reached skill level 3 in Fighting
  9126 | D:7      | Reached skill level 10 in Stealth
  9203 | D:7      | Found a blossoming altar of Fedhas.
  9231 | D:7      | Reached skill level 5 in Short Blades
  9248 | D:7      | Reached XP level 10. HP: 42/56 MP: 11/14
  9344 | D:7      | Noticed Duvessa
  9367 | D:7      | Reached skill level 8 in Hexes
  9368 | D:7      | Noticed Dowan
  9382 | D:7      | Killed Duvessa
  9587 | D:7      | Killed Dowan
  9742 | D:7      | Reached skill level 4 in Fighting
 10159 | D:8      | Noticed Pikel
 10178 | D:8      | Killed Pikel
 10264 | D:8      | Reached skill level 11 in Stealth
 10283 | D:8      | Found a staircase to the Lair.
 10328 | D:8      | Noticed a manticore
 10333 | D:8      | Killed a manticore
 10333 | D:8      | Reached skill level 9 in Hexes
 10389 | D:8      | Reached skill level 5 in Fighting
 10444 | D:8      | Found an iron altar of Okawaru.
 10647 | D:8      | Noticed Psyche
 10659 | D:8      | Killed Psyche
 10659 | D:8      | Reached XP level 11. HP: 50/64 MP: 11/15
 10660 | D:8      | Found a shattered altar of Ashenzari.
 10758 | D:8      | Found a glowing silver altar of Zin.
 10768 | D:8      | Found an ornate altar of the Wu Jian Council.
 10828 | D:8      | Reached skill level 6 in Short Blades
 10988 | D:8      | Found a glowing golden altar of the Shining One.
 11079 | D:8      | Found a hazy altar of Hepliaklqana.
 11124 | D:9      | Found a hide-covered altar of Uskayaw.
 11126 | D:9      | Noticed a hand axe
 11126 | D:9      | Noticed a dagger
 11129 | D:9      | Noticed a two-headed ogre
 11137 | D:9      | Noticed a two-headed ogre
 11209 | D:8      | Killed a two-headed ogre
 11386 | D:9      | Killed a two-headed ogre
 11386 | D:9      | Reached skill level 12 in Stealth
 11419 | D:9      | Found a shadowy altar of Dithmenos.
 11473 | D:9      | Became a worshipper of Dithmenos the Shadowed
 11893 | D:9      | Found Fefa's Jewellery Boutique.
 11987 | D:9      | Reached * piety under Dithmenos
 12487 | Lair:1   | Entered Level 1 of the Lair of Beasts
 12488 | Lair:1   | Reached skill level 6 in Fighting
 12488 | Lair:1   | Reached skill level 1 in Invocations
 12489 | Lair:1   | Reached skill level 10 in Hexes
 12583 | Lair:1   | Got a steaming trident
 12584 | Lair:1   | Identified the +3 trident of Mana {flame, rC+} (You found it on level 1 of the Lair of Beasts)
 12678 | Lair:1   | Reached skill level 3 in Conjurations
 12688 | Lair:1   | Reached ** piety under Dithmenos
 12761 | Lair:1   | Reached skill level 2 in Invocations
 12909 | Lair:1   | Reached skill level 13 in Stealth
 12946 | Lair:1   | Learned a level 3 spell: Regeneration
 12948 | Lair:1   | Learned a level 1 spell: Animate Skeleton
 12958 | Lair:1   | Reached XP level 12. HP: 53/71 MP: 5/16
 13089 | Lair:1   | Noticed a five-headed hydra
 13117 | Lair:1   | Killed a five-headed hydra
 13117 | Lair:1   | Reached skill level 3 in Ice Magic
 13159 | Lair:1   | Reached skill level 3 in Invocations
 13169 | Lair:1   | Reached skill level 7 in Fighting
 13291 | Lair:1   | Reached skill level 7 in Short Blades
 13444 | Lair:2   | Got a warped ring mail
 13494 | Lair:2   | Identified the cursed +0 ring mail "Conatef" {rF+ Int+4 Dex+2} (You found it on level 2 of the Lair of Beasts)
 13518 | Lair:2   | Noticed a five-headed hydra
 13525 | Lair:2   | Killed a five-headed hydra
 13525 | Lair:2   | Reached skill level 4 in Conjurations
 13854 | Lair:2   | Reached skill level 1 in Necromancy
 13877 | Lair:2   | Reached *** piety under Dithmenos
 13904 | Lair:2   | Found a staircase to the Shoals.
 13906 | Lair:2   | Noticed Sonja
 13926 | Lair:2   | Killed Sonja
 13926 | Lair:2   | Reached skill level 1 in Charms
 13926 | Lair:2   | Reached skill level 4 in Invocations
 14213 | Lair:2   | Noticed a four-headed hydra
 14219 | Lair:2   | Killed a four-headed hydra
 14219 | Lair:2   | Reached skill level 4 in Ice Magic
 14542 | Lair:3   | Reached skill level 14 in Stealth
 14577 | Lair:3   | Found a staircase to the Snake Pit.
 14663 | Lair:3   | Reached skill level 2 in Charms
 14843 | Lair:3   | Reached skill level 2 in Necromancy
 14843 | Lair:3   | Reached XP level 13. HP: 67/78 MP: 15/17
 15157 | Lair:3   | Noticed Fannar
 15168 | Lair:3   | Killed Fannar
 15502 | Lair:4   | Reached skill level 8 in Fighting
 15549 | Lair:4   | Reached skill level 5 in Invocations
 16610 | Lair:4   | Reached skill level 3 in Charms
 17098 | Lair:4   | Reached skill level 8 in Short Blades
 17214 | Lair:4   | Reached skill level 11 in Hexes
 17309 | Lair:4   | Reached **** piety under Dithmenos
 17676 | Lair:4   | Reached skill level 3 in Necromancy
 17896 | Lair:5   | Noticed Urug
 17909 | Lair:5   | Killed Urug
 17943 | Lair:5   | Found a frozen archway.
 17948 | Lair:5   | Reached skill level 6 in Invocations
 17969 | IceCv    | Entered an ice cave
 18136 | IceCv    | Learned a level 2 spell: Swiftness
 18202 | Lair:5   | Reached skill level 2 in Dodging
 18294 | Lair:5   | Reached skill level 1 in Throwing
 18294 | Lair:5   | Reached skill level 15 in Stealth
 18802 | Lair:4   | Reached skill level 9 in Fighting
 18844 | Lair:5   | Gained mutation: Your large and strong wings let you fly indefinitely. [Gargoyle growth]
 18844 | Lair:5   | Reached XP level 14. HP: 76/86 MP: 18/18
 19257 | Lair:6   | Entered Level 6 of the Lair of Beasts
 19282 | Lair:6   | Reached skill level 2 in Throwing
 19440 | Lair:6   | Reached skill level 3 in Dodging
 19639 | Lair:6   | Reached ***** piety under Dithmenos
 19661 | Lair:6   | Reached skill level 7 in Invocations
 20321 | Lair:6   | Reached skill level 3 in Throwing
 20710 | Lair:6   | Found a viscous altar of Jiyva.
 20711 | Lair:6   | Found a staircase to the Slime Pits.
 20932 | Lair:6   | Reached skill level 16 in Stealth
 21114 | Lair:6   | Got a dazzling halberd
 21115 | Lair:6   | Identified the +3 halberd of the Hidden Vale {freeze, rC+ Dex+4} (You found it on level 6 of the Lair of Beasts)
 21217 | Lair:6   | Reached skill level 9 in Short Blades
 21403 | D:10     | Entered Level 10 of the Dungeon
 21442 | D:10     | Noticed Nergalle
 21454 | D:10     | Killed Nergalle
 21594 | D:10     | Got a pair of bloodstained gloves
 21647 | D:10     | Identified the +2 pair of gloves of the Secret Runes {rPois rF+ Str+10} (You found it on level 10 of the Dungeon)
 21737 | D:10     | Noticed Maurice
 21757 | D:10     | Killed Maurice
 22650 | D:11     | Reached skill level 4 in Dodging
 22765 | D:11     | Reached ****** piety under Dithmenos
 22808 | D:11     | Found an ancient bone altar of Kikubaaqudgha.
 22810 | D:11     | Found Vewn's Profane Products.
 23175 | D:11     | Reached skill level 4 in Throwing
 23209 | D:11     | Found Congil's Gadget Shop.
 23485 | D:11     | Reached skill level 10 in Fighting
 23485 | D:11     | Reached XP level 15. HP: 77/92 MP: 17/20
 23928 | D:12     | Found a flickering gateway to a bazaar.
 23937 | Bazaar   | Entered a bazaar
 23941 | Bazaar   | Found Hashreti's Jewellery Boutique.
 23949 | Bazaar   | Found Xiakead's General Store.
 23957 | Bazaar   | Bought a scroll of identify for 32 gold pieces
 23960 | Bazaar   | Found Wihauphe's Antique Weapon Emporium.
 23971 | Bazaar   | Found Moqabbo Ujor's Antique Armour Shop.
 23979 | Bazaar   | Found Saif's Magic Scroll Shop.
 23987 | Bazaar   | Bought 3 scrolls of noise for 45 gold pieces
 23987 | Bazaar   | Bought a scroll of teleportation for 45 gold pieces
 23987 | Bazaar   | Bought a scroll of acquirement for 780 gold pieces
 23987 | Bazaar   | Bought a scroll of brand weapon for 300 gold pieces
 24006 | Bazaar   | Bought a glowing blowgun for 214 gold pieces
 24095 | D:12     | Reached skill level 8 in Invocations
 24389 | D:12     | Found a staircase to the Orcish Mines.
 24587 | D:12     | Got a translucent quick blade
 24588 | D:12     | Identified the +1 quick blade of Charity {distort, rC++} (You acquired it on level 12 of the Dungeon)
 24592 | D:12     | Cast into level 2 of the Abyss (a distortion unwield)
 24600 | Abyss:2  | Found a corrupted altar of Lugonu.
 24673 | Abyss:2  | Gained mutation: Potions are less effective at restoring your health. [a neqoxec]
 24725 | Abyss:2  | Noticed a tentacled starspawn
 24733 | D:12     | Escaped the Abyss
 25129 | Orc:1    | Entered Level 1 of the Orcish Mines
 25181 | Orc:1    | Found a dark tunnel.
 25190 | Volcano  | Entered a volcano
 26002 | Orc:1    | Reached skill level 4 in Charms
 26556 | Orc:2    | Entered Level 2 of the Orcish Mines
 26570 | Orc:2    | Found a staircase to the Elven Halls.
 26590 | Orc:2    | Found a labyrinth entrance.
 26600 | Lab      | Entered a labyrinth
 26760 | Lab      | Identified a +0 pair of boots of running (You found it in a labyrinth)
 26864 | Orc:2    | Found Uqug's Antique Armour Shop.
 26877 | Orc:2    | Reached skill level 17 in Stealth
 26888 | Orc:1    | Upgraded the game from 0.20-a0-1089-g3fde505 to 0.20-a0-1101-g1de9d76
 27024 | Orc:2    | Found Utokoeck's Antique Weapon Shop.
 27024 | Orc:2    | Noticed an orc warlord
 27221 | Orc:1    | Killed an orc warlord
 27420 | Orc:2    | Reached skill level 5 in Throwing
 27785 | Orc:2    | Found Huanirol's General Store.
 27961 | Orc:2    | Found Wocuwosu's Book Shoppe.
 28584 | D:13     | Reached skill level 12 in Hexes
 28586 | D:13     | Reached skill level 9 in Invocations
 28821 | D:13     | Noticed Frances
 28829 | D:13     | Killed Frances
 29004 | D:13     | Noticed Rupert
 29029 | D:13     | Killed Rupert
 29029 | D:13     | Reached skill level 5 in Dodging
 29029 | D:13     | Reached XP level 16. HP: 97/97 MP: 16/22
 29214 | D:13     | Noticed Josephine
 29258 | D:13     | Killed Josephine
 29551 | D:14     | Noticed Roxanne
 29946 | D:14     | Found Wanithoh's Armour Boutique.
 29952 | D:14     | Reached skill level 4 in Spellcasting
 30099 | D:14     | Reached skill level 5 in Charms
 30206 | D:14     | Got a pair of fine gloves
 30217 | D:14     | Identified the +2 pair of gloves of Tenacity {rCorr Stlth+} (You acquired it on level 14 of the Dungeon)
 30305 | D:14     | Found a gate to the Vaults.
 30712 | Lair:1   | Lost mutation: Potions are less effective at restoring your health. [potion of mutation]
 30712 | Lair:1   | Gained mutation: You are weak. (Str -2) [potion of mutation]
 30712 | Lair:1   | Gained mutation: You tend to lose your temper in combat. [potion of mutation]
 30712 | Lair:1   | Gained mutation: You are partially covered in yellow scales. (AC +2) [potion of mutation]
 30716 | Lair:1   | Lost mutation: You are weak. (Str -2) [potion of mutation]
 30716 | Lair:1   | Lost mutation: You are partially covered in yellow scales. (AC +2) [potion of mutation]
 30716 | Lair:1   | Lost mutation: You tend to lose your temper in combat. [potion of mutation]
 30716 | Lair:1   | Gained mutation: You are partially covered in thin metallic scales. (AC +2) [potion of mutation]
 30716 | Lair:1   | Gained mutation: You are clumsy. (Dex -2) [potion of mutation]
 30716 | Lair:1   | Gained mutation: Your flesh is cold resistant. (rC+) [potion of mutation]
 30836 | D:15     | Entered Level 15 of the Dungeon
 31001 | D:15     | Learned a level 5 spell: Yara's Violent Unravelling
 31730 | D:15     | Reached skill level 6 in Throwing
 31767 | D:15     | Reached skill level 10 in Short Blades
 31872 | D:15     | Found a staircase to the Depths.
 32015 | D:15     | Reached skill level 1 in Transmutations
 32111 | D:15     | Got an ancient ring mail
 32112 | D:15     | Identified the +1 ring mail of Polytheism {rF- Int+4 Stlth+} (You found it on level 15 of the Dungeon)
 32325 | Shoals:1 | Entered Level 1 of the Shoals
 33110 | Shoals:1 | Reached skill level 18 in Stealth
 33111 | Shoals:1 | Found Ulilaami's Island Escapes.
 33118 | Shoals:1 | Bought a scroll of teleportation for 36 gold pieces
 33118 | Shoals:1 | Bought 2 potions of haste for 240 gold pieces
 33118 | Shoals:1 | Bought a scroll of teleportation for 36 gold pieces
 33520 | Shoals:1 | Reached skill level 10 in Invocations
 33877 | Shoals:2 | Reached skill level 6 in Dodging
 34399 | Shoals:3 | Reached skill level 2 in Transmutations
 34399 | Shoals:3 | Reached XP level 17. HP: 102/102 MP: 19/24
 34639 | Shoals:3 | Reached skill level 5 in Spellcasting
 35131 | Shoals:4 | Entered Level 4 of the Shoals
 35256 | Shoals:4 | Reached skill level 7 in Throwing
 35485 | Shoals:4 | Reached skill level 3 in Transmutations
 36084 | Shoals:4 | Got a barnacled rune of Zot
 36188 | Shoals:4 | Reached skill level 11 in Short Blades
 36194 | Shoals:4 | Noticed Ilsuiw
 36394 | Shoals:4 | Killed Ilsuiw
 36962 | Shoals:4 | Identified the Volume of Intoxication and Beguiling
 37463 | Snake:1  | Entered Level 1 of the Snake Pit
 37561 | Snake:1  | Got a faintly glowing ring mail
 37570 | Snake:1  | Identified the +7 ring mail "Axach" {rElec rF+} (You found it on level 1 of the Snake Pit)
 37733 | Snake:1  | Reached XP level 18. HP: 98/107 MP: 21/26
 37932 | Snake:2  | Noticed Kirke
 37935 | Snake:2  | Killed Kirke
 37935 | Snake:2  | Reached skill level 19 in Stealth
 37991 | Snake:2  | Reached skill level 6 in Spellcasting
 38233 | Snake:2  | Reached skill level 7 in Dodging
 38747 | Snake:3  | Reached skill level 13 in Hexes
 38998 | Snake:3  | Reached skill level 4 in Transmutations
 39110 | Snake:3  | Reached skill level 8 in Throwing
 39110 | Snake:3  | Reached skill level 11 in Invocations
 39205 | Snake:3  | Learned a level 3 spell: Spectral Weapon
 39776 | Snake:4  | Entered Level 4 of the Snake Pit
 39782 | Snake:4  | Noticed Aizul
 39790 | Snake:4  | Killed Aizul
 40250 | Snake:4  | Reached skill level 12 in Short Blades
 40512 | Snake:4  | Reached skill level 7 in Spellcasting
 40853 | Snake:4  | Reached XP level 19. HP: 112/112 MP: 20/29
 40888 | Snake:4  | Noticed Louise
 40896 | Snake:4  | Killed Louise
 40939 | Snake:4  | Noticed Donald
 40944 | Snake:4  | Killed Donald
 40944 | Snake:4  | Reached skill level 5 in Transmutations
 41291 | Snake:4  | Reached skill level 8 in Dodging
 41432 | Snake:4  | Noticed Malvoorn's ghost (adept HOBe)
 41491 | Snake:4  | Reached skill level 20 in Stealth
 41993 | Snake:4  | Killed Malvoorn's ghost
 42095 | Snake:4  | Got a serpentine rune of Zot
 42323 | Lair:1   | Learned a level 4 spell: Petrify
 42473 | Vaults:1 | Entered Level 1 of the Vaults
 42483 | Vaults:1 | Reached skill level 13 in Short Blades
 42531 | Vaults:1 | Reached skill level 1 in Air Magic
 42778 | Vaults:1 | Reached skill level 6 in Transmutations
 43273 | Vaults:1 | Reached skill level 2 in Air Magic
 43448 | Vaults:1 | Noticed a lich
 43451 | Vaults:1 | Killed a lich
 43451 | Vaults:1 | Reached XP level 20. HP: 117/117 MP: 31/31
 44066 | Vaults:2 | Reached skill level 3 in Air Magic
 44397 | Lair:1   | Learned a level 5 spell: Silence
 44560 | Elf:1    | Entered Level 1 of the Elven Halls
 44623 | Elf:1    | Reached skill level 14 in Hexes
 44707 | Elf:1    | Reached skill level 9 in Dodging
 44874 | Elf:1    | Reached skill level 8 in Spellcasting
 44979 | Elf:1    | Found Cebam's Weapon Shoppe.
 45442 | Elf:1    | Reached skill level 4 in Air Magic
 45507 | Elf:1    | Reached skill level 14 in Short Blades
 45652 | Elf:1    | Reached skill level 1 in Shields
 45874 | Elf:2    | Found a runed gate.
 45874 | Elf:2    | Found a runed gate.
 45877 | Elf:2    | Found a runed gate.
 45916 | Elf:2    | Reached skill level 2 in Shields
 46203 | Elf:2    | Reached skill level 3 in Shields
 46352 | Elf:2    | Reached skill level 4 in Shields
 46697 | Elf:3    | Entered Level 3 of the Elven Halls
 46758 | Elf:3    | Reached skill level 11 in Fighting
 46852 | Elf:3    | Reached XP level 21. HP: 124/124 MP: 33/33
 47027 | Elf:3    | Reached skill level 9 in Throwing
 47221 | Elf:3    | Reached skill level 5 in Shields
 47861 | Elf:3    | Reached skill level 10 in Dodging
 48822 | Elf:3    | Identified the +9 battleaxe of Eternity {vamp, rPois Int+4} (You took it off a deep elf sorcerer on level 3 of the Elven Halls)
 48890 | Elf:3    | Got a steaming copper amulet
 48919 | Elf:3    | Identified the amulet "Etinuprups" {Reflect rC+ Int+6 SH+5} (You took it off a deep elf demonologist on level 3 of the Elven Halls)
 49275 | Elf:3    | Reached skill level 12 in Fighting
 49288 | Elf:3    | Reached skill level 10 in Throwing
 49483 | Elf:3    | Identified Sif Muna's Reference Book on Ashen Cold
 49490 | Elf:3    | Learned a level 5 spell: Lee's Rapid Deconstruction
 49491 | Elf:3    | Identified the +0 pair of gloves "Woapey" {rF+ Regen+ Str+2 Stlth+} (You found it on level 3 of the Elven Halls)
 49577 | Elf:3    | Identified the Guide on Snow and Translocation
 51052 | Vaults:2 | Noticed Boris
 51054 | Vaults:2 | Noticed Xtahua
 51095 | Vaults:2 | Killed Xtahua
 51095 | Vaults:2 | Reached skill level 11 in Dodging
 51095 | Vaults:2 | Reached skill level 1 in Earth Magic
 51490 | Vaults:2 | Reached skill level 2 in Earth Magic
 51501 | Vaults:2 | Found Huwazigesa's Food Shoppe.
 51804 | Vaults:2 | Killed Boris
 51804 | Vaults:2 | Reached skill level 3 in Earth Magic
 51804 | Vaults:2 | Reached XP level 22. HP: 48/134 MP: 28/34
 51903 | Vaults:2 | Reached skill level 13 in Fighting
 52286 | Vaults:2 | Reached skill level 11 in Throwing
 52286 | Vaults:2 | Reached skill level 4 in Earth Magic
 52525 | Vaults:3 | Found a staircase to the Crypt.
 52834 | Vaults:3 | Reached skill level 5 in Earth Magic
 53385 | Vaults:3 | Reached skill level 6 in Earth Magic
 54001 | Vaults:3 | Reached skill level 12 in Dodging
 54497 | Vaults:3 | Reached skill level 14 in Fighting
 54520 | Vaults:3 | Reached skill level 7 in Earth Magic
 55297 | Vaults:4 | Reached skill level 12 in Throwing
 55332 | Vaults:4 | Reached XP level 23. HP: 112/142 MP: 32/35
 55407 | Vaults:4 | Reached skill level 8 in Earth Magic
 55452 | Vaults:4 | Reached XP level 24. HP: 148/148 MP: 25/35
 56441 | Depths:1 | Entered Level 1 of the Depths
 56441 | Depths:1 | Found a gateway to Hell.
 57180 | Depths:1 | Reached skill level 9 in Earth Magic
 57209 | Depths:1 | Reached skill level 13 in Throwing
 57445 | Depths:1 | Found a one-way gate leading to the halls of Pandemonium.
 58138 | Depths:2 | Found a one-way gate to the infinite horrors of the Abyss.
 58233 | Depths:2 | Reached skill level 15 in Fighting
 58548 | Depths:2 | Reached skill level 10 in Earth Magic
 58690 | Depths:2 | Reached skill level 13 in Dodging
 58788 | Depths:2 | Noticed a caustic shrike
 58792 | Depths:2 | Killed a caustic shrike
 58803 | Depths:2 | Identified the +2 quarterstaff of Qyt Gegg {freeze, rC++} (You found it on level 2 of the Depths)
 59019 | Depths:3 | Found a magical portal.
 59163 | Depths:3 | Found a gateway to a ziggurat.
 60086 | Depths:3 | Reached skill level 12 in Invocations
 60248 | Depths:3 | Learned a level 2 spell: Passwall
 60546 | Depths:3 | Reached XP level 25. HP: 87/156 MP: 19/35
 60582 | Depths:3 | Noticed Bai Suzhen
 60641 | Depths:3 | Killed Bai Suzhen
 60641 | Depths:3 | Reached skill level 9 in Spellcasting
 61138 | Depths:4 | Noticed Frederick
 61139 | Depths:4 | Noticed Margery
 61184 | Depths:4 | Killed Frederick
 61195 | Depths:4 | Killed Margery
 61545 | Depths:4 | Learned a level 6 spell: Invisibility
 61763 | Depths:4 | Reached skill level 14 in Throwing
 61807 | Depths:4 | Reached skill level 16 in Fighting
 62080 | Depths:4 | Identified the ring of Giskeoc {rElec MR+ Int+2} (You found it on level 4 of the Depths)
 62276 | Depths:4 | Noticed the Enchantress
 62282 | Depths:4 | Killed the Enchantress
 62282 | Depths:4 | Reached skill level 10 in Spellcasting
 62299 | Depths:4 | Reached skill level 13 in Invocations
 62688 | Depths:4 | Identified the +2 faerie dragon scales {+Inv rCorr MP+1 Int+2} (You took it off the Enchantress on level 4 of the Depths)
 62819 | Depths:4 | Identified the cursed +0 scale mail of Ethics {rElec rPois rF- Int+8} (You took it off a rakshasa on level 4 of the Depths)
 62932 | Depths:5 | Entered Level 5 of the Depths
 63166 | Depths:5 | Noticed a juggernaut
 63173 | Depths:5 | Killed a juggernaut
 63420 | Depths:5 | Found a deep blue altar of Sif Muna.
 63588 | Depths:5 | Reached skill level 11 in Spellcasting
 64067 | Depths:5 | Identified the ring "Merphaet" {Ice rElec rN+ Int+6} (You took it off a spriggan berserker on level 5 of the Depths)
 64378 | Depths:5 | Identified the ring of Hepliaklqana's Regard {rPois EV+3 Int-3 SInv} (You found it on level 5 of the Depths)
 64415 | Depths:5 | Noticed Saint Roka
 64457 | Depths:5 | Killed Saint Roka
 64457 | Depths:5 | Reached XP level 26. HP: 96/164 MP: 35/38
 64540 | Depths:5 | Found a hide-covered altar of Uskayaw.
 64585 | Depths:5 | Found a gate to the Realm of Zot.
 64937 | Depths:5 | Reached skill level 14 in Dodging
 65055 | Depths:5 | Noticed Sojobo
 65071 | Depths:5 | Killed Sojobo
 65113 | Depths:5 | Got a vibrating brass ring
 65137 | Depths:5 | Reached skill level 12 in Spellcasting
 65150 | Depths:5 | Identified the ring of Heun {rF+ AC+3} (You took it off a tengu reaver on level 5 of the Depths)
 65964 | Slime:1  | Entered Level 1 of the Pits of Slime
 65995 | Lair:6   | Reached skill level 14 in Invocations
 66188 | Slime:4  | Noticed AnCiEnTStOnEBeAsT's ghost (legendary DsFi)
 66264 | Slime:4  | Killed AnCiEnTStOnEBeAsT's ghost
 66268 | Slime:4  | Reached skill level 17 in Fighting
 66352 | Slime:3  | Reached skill level 6 in Shields
 66444 | Slime:5  | Entered Level 5 of the Pits of Slime
 66508 | Slime:5  | Found a viscous altar of Jiyva.
 66510 | Slime:5  | Noticed the Royal Jelly
 67607 | Slime:5  | Killed the Royal Jelly
 67607 | Slime:5  | Reached skill level 15 in Throwing
 67766 | Slime:5  | Identified the Volume of Damaging Evil Secrets
 67775 | Slime:5  | Identified the +7 rapier "Buytid" {venom, rElec rPois Dex+4} (You found it on level 5 of the Pits of Slime)
 67819 | Slime:5  | Got a fine dagger
 67820 | Slime:5  | Identified the +8 dagger "Vuefetiu" {drain, rF++ rC+ MR- Str+4} (You found it on level 5 of the Pits of Slime)
 67844 | Slime:5  | Got a slimy rune of Zot
 67938 | Slime:5  | Learned a level 2 spell: Corpse Rot
 68375 | Orc:2    | Bought a scroll of vulnerability for 127 gold pieces
 68394 | Orc:2    | Bought a runed blowgun for 198 gold pieces
 68521 | D:14     | Bought a +2 shield of protection for 408 gold pieces
 68649 | Zot:1    | Entered Level 1 of the Realm of Zot
 68727 | Zot:1    | Reached skill level 7 in Shields
 68881 | Zot:1    | Reached skill level 15 in Invocations
 69141 | Zot:1    | Reached XP level 27. HP: 172/172 MP: 34/39
 69760 | Zot:1    | Reached skill level 8 in Shields
 69973 | Zot:1    | Got a transparent copper ring
 70093 | Zot:1    | Identified the ring "Dolew" {-Tele rPois MR+ Int+6} (You found it on level 1 of the Realm of Zot)
 70592 | Zot:1    | Reached skill level 16 in Invocations
 70994 | Zot:2    | Reached skill level 18 in Fighting
 71335 | Zot:2    | Reached skill level 9 in Shields
 71871 | Zot:3    | Reached skill level 21 in Stealth
 71904 | Zot:3    | Reached skill level 15 in Dodging
 72681 | Zot:4    | Reached skill level 17 in Invocations
 72870 | Zot:4    | Reached skill level 10 in Shields
 73027 | Zot:4    | Reached skill level 16 in Throwing
 74060 | Zot:5    | Entered Level 5 of the Realm of Zot
 74995 | Depths:2 | Voluntarily entered the Abyss.
 75113 | Abyss:1  | Reached skill level 18 in Invocations
 75290 | Abyss:1  | Found a burning altar of Makhleb.
 75378 | Abyss:1  | Found a corrupted altar of Lugonu.
 75866 | Abyss:2  | Got an ebony broad axe
 75872 | Abyss:2  | Identified the +2 broad axe of Margheb {drain, *Slow rN+ Dex+2} (You found it on level 2 of the Abyss)
 76419 | Abyss:2  | Got a twitching turquoise ring
 76429 | Abyss:2  | Identified the ring "Omul" {+Inv MR+ MP+9 SInv Stlth+} (You found it on level 2 of the Abyss)
 77132 | Abyss:4  | Found a shimmering altar of Xom.
 77132 | Abyss:4  | Found a shimmering altar of Xom.
 77133 | Abyss:4  | Found a shimmering altar of Xom.
 77134 | Abyss:4  | Found a corrupted altar of Lugonu.
 77134 | Abyss:4  | Found a shimmering altar of Xom.
 77136 | Abyss:4  | Found a shimmering altar of Xom.
 77136 | Abyss:4  | Found a shimmering altar of Xom.
 77138 | Abyss:4  | Found a shimmering altar of Xom.
 77138 | Abyss:4  | Found a shimmering altar of Xom.
 77138 | Abyss:4  | Found a shimmering altar of Xom.
 77164 | Abyss:4  | Reached skill level 11 in Shields
 77584 | Abyss:5  | Entered Level 5 of the Abyss
 77597 | Abyss:5  | Found a corrupted altar of Lugonu.
 77618 | Abyss:5  | Got an abyssal rune of Zot
 77636 | Abyss:5  | Paralysed by accursed screaming for 1 turns
 77648 | Depths:2 | Escaped the Abyss
 78159 | Crypt:1  | Entered Level 1 of the Crypt
 78181 | Crypt:1  | Found a huge runed gate.
 78181 | Crypt:1  | Found a huge runed gate.
 78181 | Crypt:1  | Found a huge runed gate.
 78181 | Crypt:1  | Found a huge runed gate.
 78181 | Crypt:1  | Found a huge runed gate.
 78181 | Crypt:1  | Found a huge runed gate.
 78181 | Crypt:1  | Found a huge runed gate.
 78181 | Crypt:1  | Found a huge runed gate.
 78181 | Crypt:1  | Found a huge runed gate.
 78181 | Crypt:1  | Found a huge runed gate.
 78186 | Crypt:1  | Found a huge runed gate.
 78186 | Crypt:1  | Found a huge runed gate.
 78186 | Crypt:1  | Found a huge runed gate.
 78186 | Crypt:1  | Found a huge runed gate.
 78188 | Crypt:1  | Found a huge runed gate.
 78189 | Crypt:1  | Found a huge runed gate.
 78242 | Crypt:1  | Reached skill level 19 in Fighting
 78414 | Crypt:1  | Found a huge runed gate.
 78415 | Crypt:1  | Found a huge runed gate.
 78415 | Crypt:1  | Found a huge runed gate.
 78478 | Crypt:1  | Found a huge runed gate.
 78478 | Crypt:1  | Found a huge runed gate.
 78479 | Crypt:1  | Found a huge runed gate.
 78502 | Crypt:1  | Found a huge runed gate.
 78502 | Crypt:1  | Found a huge runed gate.
 78502 | Crypt:1  | Found a huge runed gate.
 78502 | Crypt:1  | Found a huge runed gate.
 78504 | Crypt:1  | Found a huge runed gate.
 78504 | Crypt:1  | Found a huge runed gate.
 78520 | Crypt:1  | Found a huge runed gate.
 78521 | Crypt:1  | Found a huge runed gate.
 78521 | Crypt:1  | Found a huge runed gate.
 78527 | Crypt:1  | Found a huge runed gate.
 78527 | Crypt:1  | Found a huge runed gate.
 78527 | Crypt:1  | Found a huge runed gate.
 78527 | Crypt:1  | Found a huge runed gate.
 78885 | D:14     | Killed Roxanne
 78889 | D:14     | Identified Roxanne's Tome of Shape Shifting (You took it off Roxanne on level 14 of the Dungeon)
 79922 | Crypt:2  | Got a coiled lapis lazuli ring
 79924 | Crypt:2  | Identified the ring of Puaclulaew {rElec Dex+4 SInv} (You found it on level 2 of the Crypt)
 79979 | Crypt:3  | Entered Level 3 of the Crypt
 80131 | Crypt:3  | Reached skill level 22 in Stealth
 80388 | Crypt:3  | Found an ancient bone altar of Kikubaaqudgha.
 80399 | Crypt:3  | Reached skill level 19 in Invocations
 80588 | Crypt:3  | Reached skill level 12 in Shields
 80675 | Crypt:3  | Identified the Handbook of Evil
 80683 | Crypt:3  | Learned a level 5 spell: Dispel Undead
 80935 | Crypt:3  | Noticed Jory
 80956 | Crypt:3  | Killed Jory
 80975 | Crypt:3  | Found a staircase to the Tomb.
 81088 | Crypt:3  | Reached skill level 17 in Throwing
 81107 | Crypt:3  | Identified the Tome of Quantum Cold
 81209 | Crypt:2  | Learned a level 1 spell: Apportation
 81335 | Crypt:3  | Identified the +5 ring mail of Filth {*Contam rF+++ Str+2 Dex+2} (You found it on level 3 of the Crypt)
 81381 | Crypt:3  | Reached skill level 1 in Translocations
 82043 | Depths:1 | Reached skill level 16 in Dodging
 82070 | Depths:1 | Upgraded the game from 0.20-a0-1101-g1de9d76 to 0.20-a0-1109-ge3cd172
 82071 | Pan      | Entered Pandemonium
 82196 | Pan      | Reached skill level 1 in Evocations
 82422 | Pan      | Reached skill level 2 in Evocations
 82464 | Pan      | Noticed Hitisk the pandemonium lord
 82574 | Pan      | Found an exit through the horrors of the Abyss.
 82578 | Pan      | Found a runed door.
 82605 | Pan      | Took an exit into the Abyss.
 82605 | Abyss:1  | Escaped into the Abyss
 82640 | Depths:1 | Escaped the Abyss
 82733 | D:15     | Reached skill level 2 in Translocations
 82950 | Vaults:5 | Entered Level 5 of the Vaults
 83189 | Vaults:4 | Reached skill level 3 in Evocations
 83637 | Vaults:4 | Reached skill level 20 in Invocations
 83654 | Vaults:4 | Reached skill level 3 in Translocations
 83657 | Vaults:4 | Reached skill level 4 in Evocations
 84096 | Vaults:5 | Got a silver rune of Zot
 84235 | Vaults:5 | Reached skill level 13 in Shields
 84342 | Vaults:5 | Identified the +10 plate armour of Getygoat {Int+7} (You found it on level 5 of the Vaults)
 84372 | Vaults:5 | Reached skill level 5 in Evocations
 84568 | Vaults:5 | Noticed Jorgrun
 84581 | Vaults:5 | Killed Jorgrun
 84615 | Vaults:5 | Reached skill level 4 in Translocations
 84762 | Vaults:5 | Reached skill level 20 in Fighting
 85017 | Vaults:5 | Reached skill level 6 in Evocations
 85185 | Vaults:5 | Noticed Boris
 85204 | Vaults:5 | Killed Boris
 85445 | Vaults:5 | Reached skill level 5 in Translocations
 85576 | Vaults:5 | Reached skill level 7 in Evocations
 85869 | Vaults:4 | Learned a level 2 spell: Blink
 86074 | Vaults:5 | Reached skill level 21 in Invocations
 86671 | Vaults:4 | Reached skill level 8 in Evocations
 87085 | Pan      | Entered Pandemonium
 87182 | Pan      | Reached skill level 4 in Necromancy
 87186 | Pan      | Reached skill level 14 in Shields
 87633 | Pan      | Found an exit through the horrors of the Abyss.
 87951 | Pan      | Reached skill level 9 in Evocations
 88387 | Pan      | Reached skill level 18 in Throwing
 88459 | Pan      | Found an exit through the horrors of the Abyss.
 88570 | Pan      | Took an exit into the Abyss.
 88570 | Abyss:1  | Escaped into the Abyss
 88617 | Depths:3 | Escaped the Abyss
 88652 | Pan      | Entered Pandemonium
 88693 | Pan      | Found an exit through the horrors of the Abyss.
 88924 | Pan      | Reached skill level 10 in Evocations
 88936 | Pan      | Reached skill level 17 in Dodging
 89235 | Pan      | Found a white marble altar of Elyvilon.
 89294 | Pan      | Reached skill level 22 in Invocations
 89853 | Pan      | Reached skill level 11 in Evocations
 89902 | Pan      | Found a glowing silver altar of Zin.
 90229 | Pan      | Reached skill level 1 in Armour
 90334 | Pan      | Reached skill level 2 in Armour
 90615 | Pan      | Reached skill level 3 in Armour
 90813 | Pan      | Reached skill level 4 in Armour
 91135 | Pan      | Noticed a seraph
 91175 | Pan      | Killed a seraph
 91175 | Pan      | Reached skill level 5 in Armour
 91204 | Pan      | Found a glowing golden altar of the Shining One.
 91232 | Pan      | Got a demonic rune of Zot
 91235 | Pan      | Identified Semal's Further Progress in Hermeneutics
 91275 | Pan      | Identified the amulet "Ugeazoq" {RegenMP Dex+6} (You took it off a seraph in Pandemonium)
 91406 | Depths:3 | Escaped Pandemonium
 92019 | Zot:5    | Reached skill level 15 in Shields
 92021 | Zot:5    | Reached skill level 6 in Armour
 92176 | Zot:5    | Reached skill level 19 in Throwing
 92214 | Zot:5    | Reached skill level 7 in Armour
 92233 | Zot:5    | Noticed an orb of fire
 92234 | Zot:5    | Noticed an orb of fire
 92244 | Zot:5    | Got the Orb of Zot
 92516 | Depths:5 | Noticed Sonweqosm the pandemonium lord
 92516 | Depths:5 | Noticed an ancient lich
 92665 | D:11     | Noticed Dowotack the pandemonium lord
 92784 | D:4      | Noticed Eleof the pandemonium lord
 92901 | D:$      | Escaped with the Orb!

Vault maps used:
D:1:      nagdon_arrival_zigzag_paths, hangedman_decor_peaks_small, st_stairs_14
D:2:      uniq_natasha
D:3:      bloody_trog, uniq_purgy
D:4:      minmay_misc_feat_more_columns, bloody_makhleb
D:5:      first_bread, grunt_ministairs_6, uniq_ijyb, uniq_blork_the_orc
D:6:      temple_hall, basic_altar, kennysheep_small_spiral, uniq_prince_ribbit1
D:7:      fedhas_bush_and_centaur_altar, uniq_duvessa
D:8:      okawaru_ov_weapons_minmay, nicolae_overflow_hidden_temple,
          gammafunk_temple_overflow_forgotten, grunt_lair_entry_orc_guard_hut,
          nicolae_tso_swordbearing_angel, uniq_psyche, uniq_pikel
D:9:      dancing_weapons_uskayaw, nicolae_dithmenos_through_a_glass_darkly,
          serial_shops, kennysheep_mini_moat
D:10:     hangedman_stone_soup, eino_house_with_fridge, uniq_nergalle,
          uniq_maurice
D:11:     serial_shops, kennysheep_mini, nicolae_evil_shop
D:12:     hiddenorc2_lemuel, serial_shops, bzr_entry_islet, minivault_26
D:13:     uniq_frances, uniq_rupert, uniq_josephine
D:14:     erik_vaults_1, minmay_stone_trees_small, serial_shops, shop,
          minmay_misc_feat_pillars, minmay_nine_imps, uniq_roxanne
D:15:     hangedman_depths_entry_civil_slaughter, corexii_leaking_fountain,
          minivault_23, minmay_misc_feat_chi
Temple:   dpeg_chambers_temple
Lair:1:   cheibrodos_lair_reptile_den
Lair:2:   shoals_dummy_entry, minivault_23, serial_bayou_pond_e,
          beast_lair_carwin_8, uniq_sonja
Lair:3:   guppyfry_snake_entry_island, uniq_fannar
Lair:4:   special_room
Lair:5:   portal_ice_cave_rime, minmay_lair_oklob_bushes, uniq_urug
Lair:6:   minmay_lair_end_frog_pond, slime_altar_1
Shoals:1: nicolae_island_escapes
Shoals:3: nicolae_shoals_hunting_party
Shoals:4: shoals_end_simple, shoal_ilsuiw
Snake:1:  grunt_megastairs_2
Snake:2:  grunt_megastairs_1, uniq_kirke
Snake:4:  grunt_snake_rune_serpentine_throne, serial_bayou_pond_e,
          nrook_loot_triangle, serial_bayou_shore_a, uniq_donald, uniq_louise,
          uniq_aizul
Slime:1:  basic_altar, nicolae_slime_phagocytosis
Orc:1:    nicolae_volcano_entry_batcave
Orc:2:    grunt_orc_gardens, grunt_orc_garden, grunt_orc_garden,
          grunt_orc_garden, grunt_orc_garden, lab_entry_generic
Elf:1:    serial_shops, nicolae_shop_window_shopping, orc_legates
Elf:3:    minmay_elf_hall_not_hex
Vaults:1: ontoclasm_vaults_decontamination, nicolae_vaults_alarming,
          vaults_dpeg_cross, vaults_room_door_hall, v_rooms_1, v_rooms_2,
          v_misc_8, nicolae_vaults_lopsided_apartments, hangedman_vaults_locks,
          grunt_vaults_hallway_short, vaults_room_corners,
          nicolae_vaults_little_squares_4, nicolae_vaults_back_hallway,
          ontoclasm_vaults_idyll, nicolae_vaults_diagonal_hallway_7,
          vaults_room_stairs_pillars
Vaults:2: nicolae_vaults_ring_of_whatevers, grunt_vaults_diagonal, v_pattern_5,
          v_misc_8, nicolae_vaults_what_the_h, vaults_standard_mumra_x,
          vaults_room_hallway, v_misc_13, vaults_room_pool, serial_shops, shop,
          uniq_boris, uniq_xtahua
Vaults:3: vaults_room_fancy_cross, nicolae_vaults_little_squares_4,
          nicolae_vaults_octagons, nicolae_vaults_theta,
          minmay_crypt_entry_simple_walls, hangedman_vaults_trim,
          vaults_room_grunt_arrival_ludios
Vaults:4: v_misc_15, hangedman_vaults_river_flow, v_misc_3,
          hangedman_vaults_nails, nicolae_vaults_murderbox,
          vaults_dpeg_diagonal, nicolae_vaults_little_squares_5,
          ontoclasm_vaults_ring_small, nicolae_vaults_three_branches
Vaults:5: serial_shops, uniq_boris, uniq_jorgrun
Crypt:1:  door_vault
Crypt:3:  grunt_crypt_end_deaths_head, uniq_saint_roka
Depths:1: dpeg_oklob_gauntlet, hell_entry, rand_demon_pan_entry_8,
          columned_hall_lemuel, kennysheep_generic_room_4,
          roderic_lattice_octagonal_star
Depths:2: minmay_box_of_curves, hangedman_coc_ice_floe,
          nicolae_abyss_entry_one_way_or_another, minmay_holes
Depths:3: kennysheep_cluttered_fort, enter_ziggurat_b, hell_entry,
          rand_demon_pan_entry_3, mu_enter_wizlab_2,
          serial_sigils_hangedman_confine, serial_bayou_shore_b,
          infiniplex_staircase_pool_2, uniq_bai_suzhen
Depths:4: minmay_split_circle, grunt_hell_entry_dis_grunt,
          minmay_misc_feat_roman, abyss_entry, uniq_margery, uniq_frederick,
          uniq_enchantress
Depths:5: hangedman_spin_cycle, hell_entry, serial_shops
Zot:1:    lemuel_acid_trip
Zot:3:    kennysheep_blocky_hall
Abyss:1:  evilmike_abyss_exit_9, evilmike_abyss_exit_9
Abyss:2:  eino_small_chamber_without_monster, evilmike_abyss_exit_1
Abyss:3:  gammafunk_abyss_rune_reverse_zot
Abyss:4:  evilmike_abyss_exit_7, evilmike_abyss_exit_12,
          nicolae_abyss_rune_left_handed, evilmike_abyss_exit_5
Abyss:5:  evilmike_abyss_exit_13, nicolae_abyss_rune_left_handed,
          hangedman_abyss_or_decor_stagger
Pan:      rand_demon_4, rand_demon_5, pan_blood_fountain,
          pan_blood_fountain_small, nicolae_pan_gloorx_vloqian_4,
          lemuel_hellion_island, pan_blood_fountain_small, grunt_pan_zigzag,
          rand_demon_7, nicolae_pan_lom_lobonic_1, evilmike_mini_pan_diamond,
          pan_blood_fountain_small, pan_blood_fountain,
          evilmike_mini_pan_thingy, evilmike_mini_pan_3x3, pan_blood_fountain,
          rand_demon_7, nicolae_pan_lom_lobonic_1, grunt_pan_zigzag,
          pan_blood_fountain, nicolae_pan_mnolegish_5, rand_demon_8,
          pan_blood_fountain, evilmike_holy_pan
Lab:      labyrinth_mini_lab, nicolae_lab_arrow
Bazaar:   bazaar_lake
IceCv:    ice_cave_statue_garden_chambered
Volcano:  volcano_aerie

Skill      XL: |  1  2  3  4  5  6  7  8  9 10 11 12 13 14 15 16 17 18 19 20 21 22 23 24 25 26 27 |
---------------+----------------------------------------------------------------------------------+-----
Short Blades   | 1 2 3 4 5 6 7 8 9 10 11 12 13 14 | 14.0
Hexes          | 3 4 5 6 7 9 10 11 12 13 14 | 14.0
Stealth        | 4 5 6 8 10 11 13 14 15 16 17 18 19 20 22 | 22.0
Ice Magic      | 1 2 4 |  4.0
Conjurations   | 2 3 4 |  4.0
Spellcasting   | 3 4 5 7 8 11 12 | 12.2
Fighting       | 3 5 6 7 9 10 11 12 14 15 16 17 20 | 20.0
Invocations    | 2 4 6 7 9 10 11 12 13 15 22 | 22.3
Necromancy     | 2 3 4 |  4.0
Charms         | 2 3 4 5 |  5.0
Dodging        | 2 4 5 6 7 8 9 11 12 13 14 17 | 17.0
Throwing       | 1 4 5 6 7 8 10 12 13 14 15 19 | 19.0
Transmutations | 2 3 4 6 |  6.1
Air Magic      | 2 4 |  4.0
Shields        | 4 5 7 15 | 15.4
Earth Magic    | 3 7 8 10 | 10.0
Translocations | 5 |  5.4
Evocations     | 11 | 11.2
Armour         | 7 |  7.3

Action                   |  1- 3 |  4- 6 |  7- 9 | 10-12 | 13-15 | 16-18 | 19-21 | 22-24 | 25-27 || total
-------------------------+-------+-------+-------+-------+-------+-------+-------+-------+-------++-------
Melee: Dagger            |   125 |   106 |   313 |   597 |  1512 |   569 |       |       |       ||  3222
       Rapier            |       |       |       |       |       |   743 |  1809 |  1592 |  5580 ||  9724
 Fire: Blowgun           |       |       |       |       |    38 |     7 |       |       |     8 ||    53
Throw: Javelin           |       |     8 |       |       |     3 |       |    36 |       |   101 ||   148
       Throwing net      |       |       |       |       |     1 |     7 |     5 |     3 |       ||    16
       Tomahawk          |       |       |       |       |       |     9 |       |       |       ||     9
 Cast: Corona            |     2 |       |     1 |       |     8 |       |       |       |       ||    11
       Ensorcelled Hiber |     8 |    18 |    28 |    84 |   259 |   190 |    32 |    56 |    44 ||   719
       Confuse           |       |     6 |     6 |     8 |    27 |     6 |     5 |     1 |     9 ||    68
       Regeneration      |       |       |       |     2 |    32 |    70 |    86 |    99 |   359 ||   648
       Dazzling Spray    |       |       |       |       |     5 |    15 |    32 |    32 |    61 ||   145
       Animate Skeleton  |       |       |       |       |     2 |       |       |       |     1 ||     3
       Yara's Violent Un |       |       |       |       |       |       |     2 |     7 |     9 ||    18
       Silence           |       |       |       |       |       |       |    15 |     1 |     9 ||    25
       Lee's Rapid Decon |       |       |       |       |       |       |       |       |    33 ||    33
       Passwall          |       |       |       |       |       |       |       |       |    39 ||    39
       Spectral Weapon   |       |       |       |       |       |       |       |       |   159 ||   159
       Invisibility      |       |       |       |       |       |       |       |       |    34 ||    34
       Apportation       |       |       |       |       |       |       |       |       |     4 ||     4
       Blink             |       |       |       |       |       |       |       |       |     4 ||     4
Invok: Shadow Step       |       |       |       |     1 |     2 |     4 |     4 |     1 |    24 ||    36
       Shadow Form       |       |       |       |       |       |     1 |     7 |     2 |       ||    10
 Abil: Fly               |       |       |       |       |     1 |       |       |     1 |     3 ||     5
       End Transformatio |       |       |       |       |       |     1 |     5 |     1 |       ||     7
       Stop Flying       |       |       |       |       |       |       |       |     1 |     3 ||     4
Evoke: Wand              |       |       |       |       |     4 |       |     6 |       |     6 ||    16
       Phial of floods   |       |       |       |       |     1 |       |     1 |     1 |     1 ||     4
       Sack of spiders   |       |       |       |       |       |       |       |       |     7 ||     7
       Fan of gales      |       |       |       |       |       |       |       |       |     1 ||     1
  Use: Scroll            |     5 |     1 |     2 |     6 |    25 |     9 |    12 |     5 |    53 ||   118
       Potion            |       |     3 |       |     1 |     5 |     2 |     5 |     1 |    23 ||    40
 Stab: Sleeping          |    11 |    20 |    24 |    79 |   197 |   222 |   137 |   102 |   307 ||  1099
       Confused          |       |     1 |     4 |     1 |     9 |     3 |     4 |       |     5 ||    27
       Distracted        |       |       |     1 |       |     6 |     5 |     9 |     6 |   106 ||   133
       Held in net/web   |       |       |       |       |     2 |     3 |     2 |     2 |       ||     9
       Invisible         |       |       |       |       |     1 |    19 |    45 |    33 |   129 ||   227
       Petrifying        |       |       |       |       |     2 |     1 |       |       |       ||     3
       Petrified         |       |       |       |       |       |     3 |       |       |       ||     3
  Eat: Chunk             |     4 |     8 |    16 |    24 |    48 |    28 |    20 |    24 |    25 ||   197
       Fruit             |       |       |     4 |       |     4 |       |    10 |     3 |    16 ||    37
       Royal jelly       |       |       |       |       |     2 |     4 |     1 |     1 |     7 ||    15
       Bread ration      |       |       |       |       |     2 |     1 |     1 |       |    10 ||    14
       Meat ration       |       |       |       |       |       |     2 |     1 |     2 |    10 ||    15
Armor: Robe              |    44 |    33 |    81 |   217 |   464 |   474 |   412 |   289 |  1031 ||  3045
       Acid dragon scale |       |       |       |       |       |       |       |       |   276 ||   276
Dodge: Dodged            |    86 |    70 |   124 |   338 |   863 |   794 |   788 |  1129 |  2853 ||  7045
Block: Buckler           |       |       |       |       |       |       |   124 |   284 |   305 ||   713
       Shield            |       |       |       |       |       |       |       |       |  1584 ||  1584
       Large shield      |       |       |       |       |       |       |       |       |   345 ||   345
